 Dungeon Crawl Stone Soup version 0.28-a0-1510-gd0f6b136d3 (webtiles) character file.

Game seed: 8982037737626460893

2664 frimble the Grasshopper (level 9, -11/61 HPs)
             Began as a Demonspawn Warper on Jan 15, 2022.
             Killed from afar by an efreet (19 damage)
             ... with a bolt of fire
             ... on level 8 of the Dungeon.
             The game lasted 00:08:58 (8930 turns).

frimble the Grasshopper (Demonspawn Warper)         Turns: 8930, Time: 00:08:59

Health: -11/61     AC: 10    Str: 22    XL:     9   Next: 36%
Magic:  21/21      EV: 14    Int: 18    God:
Gold:   288        SH:  0    Dex: 13    Spells: 10/12 levels left

rFire   . . .      SeeInvis .   E - +1 short sword (elec)
rCold   . . .      Faith    .   (no shield)
rNeg    + . .      Spirit   .   c - +3 ring mail
rPois   .          Reflect  .   G - +0 helmet
rElec   .          Harm     .   (no cloak)
rCorr   .          Rampage  .   (no gloves)
Will    .....                   D - +0 pair of boots
Stlth   +++.......              n - amulet of Uluhar {RegenMP MP+9 Str+4}
HPRegen 0.20/turn               l - +6 ring of strength
MPRegen 0.74/turn               h - ring of positive energy

@: no status effects
A: repulsion field 2, ignite blood 2, magic regeneration
a: no special abilities


You were on level 8 of the Dungeon.
You visited 1 branch of the dungeon, and saw 8 of its levels.

You collected 416 gold pieces.
You spent 128 gold pieces at shops.

Inventory:

Hand Weapons
 g - a +3 short sword of speed
 E - a +1 short sword of electrocution (weapon)
Missiles
 b - 2 throwing nets
 d - 4 boomerangs of dispersal
 i - 6 boomerangs (quivered)
 o - 17 poisoned darts
Armour
 c - a +3 ring mail (worn)
 D - a +0 pair of boots (worn)
 G - a +0 helmet (worn)
Jewellery
 h - a ring of positive energy (right hand)
 l - a +6 ring of strength (left hand)
 n - the amulet of Uluhar (around neck) {RegenMP MP+9 Str+4}
   (You acquired it on level 3 of the Dungeon)

   [amulet of magic regeneration]

   It increases your rate of magic regeneration.
   Str:       It affects your strength (+4).
   MP:        It affects your magic capacity (+9).
Wands
 r - a wand of acid (7)
 A - a wand of digging (6)
 F - a wand of polymorph (9)
Scrolls
 j - a scroll of brand weapon
 u - 3 scrolls of enchant armour
 v - 6 scrolls of identify
 y - 2 scrolls of teleportation
 B - a scroll of enchant weapon
Potions
 a - a potion of magic {unknown}
 e - a potion of flight
 k - 4 potions of lignification
 m - 2 potions of attraction {unknown}
 p - a potion of might {unknown}
 q - 3 potions of berserk rage {unknown}
 s - a potion of brilliance {unknown}
 t - 6 potions of curing {unknown}
 w - a potion of degeneration {unknown}


   Skills:
 - Level 2.0 Fighting
 + Level 6.9 Short Blades
 - Level 0.9 Throwing
 - Level 0.8 Armour
 - Level 2.8 Dodging
 + Level 7.0 Stealth
 - Level 2.0 Spellcasting
 + Level 7.2 Translocations


You had 10 spell levels left.
You knew the following spells:

 Your Spells              Type           Power      Damage    Failure   Level
a - Blink                 Tloc           56%        N/A       2%          2

Your spell library contained the following spells:

 Spells                   Type           Power      Damage    Failure   Level
 Gell's Gravitas          Tloc           28%        N/A       4%          3
 Lesser Beckoning         Tloc           28%        N/A       4%          3
 Teleport Other           Tloc           28%        N/A       4%          3
 Freeze                   Ice            4%         1d3       28%         1
 Manifold Assault         Tloc           28%        N/A       38%         5
 Frozen Ramparts          Ice            2%         1d2       65%         3
 Animate Armour           Summ/Erth      2%         N/A       96%         4
 Hailstorm                Conj/Ice       1%         3d3       96%         4
 Blade Hands              Tmut           0%         N/A       100%        5
 Fireball                 Conj/Fire      0%         3d3       100%        5
 Iskenderun's Battlesphe  Conj           1%         2d6       100%        5
 Conjure Ball Lightning   Conj/Air       0%         3x3d6     100%        6
 Iron Shot                Conj/Erth      0%         9d1       100%        6
 Orb of Destruction       Conj           0%         9d5       100%        7


Dungeon Overview and Level Annotations

Branches:
Dungeon (8/15)             Temple (0/1) D:4
   Lair: D:8-11

Altars:
Trog

Shops:
D:2 (   D:5 *   D:6 *

Annotations:
D:6 1 runed translucent door, pokeman's ghost, novice DEWz


Innate Abilities, Weirdness & Mutations

You are surrounded by a moderate repulsion field. (EV +3)
Your demonic aura often causes spilled blood to erupt in flames.
You regenerate magic rapidly.


Message History

A two-headed ogre comes into view. It is wielding two +0 giant clubs.
Found a glowing broad axe.
An orc, a kobold brigand, a purple ugly thing and an acid dragon come into view.
The kobold brigand is wielding a +2 dagger of electrocution.
Found a sapphire ring, 12 stones, a ring mail, a curved runed staff and a club.
The orc shouts!
You hear an angry buzzing noise.
The acid dragon roars!
A bullfrog comes into view.
The efreet misses you.
The purple ugly thing gurgles horribly!
You hear an angry buzzing noise.
The kobold brigand shouts!
You hear a shout!
You hear an angry hiss. x2
You hear a shout! x2
The two-headed ogre shouts in stereo!
You hit the efreet but do no damage. Lightning courses through the efreet!
The efreet is heavily wounded.
You hear a shout!
The kobold brigand unwields a +2 dagger of electrocution.
It stops crackling.
The kobold brigand wields a +0 hand crossbow.
The kobold brigand shoots a bolt.
The bolt closely misses you.
The bolt hits the purple ugly thing!
The purple ugly thing is engulfed in blazing flames.
The purple ugly thing barely misses you.
The efreet hits you with a +3 scimitar of flaming.
The efreet burns you.
A vampire mosquito comes into view.
A wraith comes into view.
You hit the efreet but do no damage.
The efreet is heavily wounded.
The two-headed ogre hits you with a +0 giant club!! x2
* * * LOW HITPOINT WARNING * * *
The purple ugly thing is engulfed in blazing flames.
The purple ugly thing misses you. The efreet misses you.
The kobold brigand shoots a bolt.
The bolt closely misses you.
The bolt hits the purple ugly thing!
You hear a shout!
You are too injured to fight recklessly!
You hear a shout!
You feel a bit more experienced. The efreet gestures at you.
The bolt of fire misses you. The bolt of fire hits you!!
You die...

#..#####..########....#
#.?# ##..# .# #.#..#
.#.# ##)##.# #.#... #.#
#.#†.# #.#... ##.#
##.#.....# #... #..#
##..#.....# ..
#..#####..####.### ##.
#oK#.#..## ... #F.#@.##
.## #☼### #


#ORu# #|.#DW# ...# #y.. ..#) |#.) ....## ##.## ... # .. You could see a
two-headed ogre and an efreet.

Vanquished Creatures
  An ugly thing (D:8)
  A hornet (D:7)
  Sigmund (D:5)
  4 necrophages
  3 sky beasts
  An ice beast (D:7)
  2 centaurs
  A phantom (D:6)
  A bullfrog (D:8)
  A kobold brigand (D:8)
  A gnoll sergeant (D:4)
  2 scorpions
  A water moccasin skeleton (D:5)
  4 wights (D:7)
  A centaur zombie (D:5)
  3 hounds
  A centaur skeleton (D:7)
  An orc priest (D:4)
  A gnoll shaman (D:4)
  4 jellies
  6 orc wizards
  An iguana (D:7)
  A killer bee zombie (D:8)
  15 gnolls
  A howler monkey zombie (D:7)
  4 adders
  3 river rats (D:4)
  2 ufetubi (D:5)
  4 worms
  2 dart slugs
  20 orcs
  2 bats
  3 endoplasms
  3 giant cockroaches
  7 goblins
  4 hobgoblins
  3 jackals (D:2)
  4 quokkas
  3 ball pythons
  A frilled lizard (D:1)
  6 kobolds
  9 rats
139 creatures vanquished.

Notes
Turn   | Place    | Note
-------+----------+-------------------------------------------
     0 | D:1      | frimble the Demonspawn Warper began the quest for the Orb.
     0 | D:1      | Reached XP level 1. HP: 16/16 MP: 3/3
   569 | D:1      | Found a faded altar of an unknown god.
   598 | D:1      | Gained mutation: Your demonic aura sometimes causes spilled
                  | blood to erupt in flames. [demonic ancestry]
   598 | D:1      | Reached XP level 2. HP: 22/22 MP: 5/5
   998 | D:2      | Found Nuduanufi's Antique Weapon Shop.
  1136 | D:2      | Learned a level 2 spell: Blink
  1367 | D:2      | Reached XP level 3. HP: 18/27 MP: 6/6
  2219 | D:3      | Gained mutation: You regenerate magic rapidly. [demonic
                  | ancestry]
  2219 | D:3      | Reached XP level 4. HP: 12/33 MP: 7/7
  2224 | D:3      | Reached skill level 1 in Stealth
  3481 | D:3      | Identified a scroll of acquirement
  3481 | D:3      | Acquired the amulet of Uluhar {RegenMP MP+9 Str+4}
  3692 | D:4      | Gained mutation: Your demonic aura often causes spilled
                  | blood to erupt in flames. [demonic ancestry]
  3692 | D:4      | Reached XP level 5. HP: 13/38 MP: 8/8
  4313 | D:4      | Reached XP level 6. HP: 44/44 MP: 9/9
  4316 | D:4      | Found a staircase to the Ecumenical Temple.
  4626 | D:5      | Entered Level 5 of the Dungeon
  5052 | D:5      | Reached XP level 7. HP: 36/50 MP: 10/10
  5500 | D:5      | Reached skill level 5 in Translocations
  5759 | D:5      | Noticed Sigmund
  5763 | D:5      | Killed Sigmund
  5764 | D:5      | Reached skill level 5 in Short Blades
  5791 | D:5      | Gained mutation: You are surrounded by a mild repulsion
                  | field. (EV +2) [demonic ancestry]
  5791 | D:5      | Reached XP level 8. HP: 53/56 MP: 11/11
  5823 | D:5      | Found Jopnat's Elemental Accessories.
  5951 | D:5      | Reached skill level 5 in Stealth
  6119 | D:6      | Found a runed translucent door.
  6130 | D:6      | Noticed pokeman's ghost (novice DEWz)
  6929 | D:6      | Found Vetefa's Assorted Antiques.
  6951 | D:6      | Bought a fizzy purple potion for 18 gold pieces
  6951 | D:6      | Bought a scroll labelled LORINGORAKH for 20 gold pieces
  6951 | D:6      | Bought a pair of boots for 90 gold pieces
  7027 | D:6      | Found a bloodstained altar of Trog.
  7556 | D:7      | Noticed a hornet
  7559 | D:7      | Paralysed by a hornet for 1 turns
  7566 | D:7      | Killed a hornet
  7567 | D:7      | Gained mutation: You are surrounded by a moderate repulsion
                  | field. (EV +3) [demonic ancestry]
  7567 | D:7      | Reached XP level 9. HP: 18/61 MP: 12/12
  8921 | D:8      | Noticed an efreet
  8923 | D:8      | Noticed a two-headed ogre
  8927 | D:8      | Noticed a purple ugly thing
  8930 | D:8      | Killed a purple ugly thing
  8930 | D:8      | Killed from afar by an efreet

Illustrated notes

Levels and vault maps discovered:
D:1:      dpeg_arrival_refuge, layout_loops_ring,
          hellmonk_ecumenical_altar_pennies_from_heaven, minmay_pentomino_r4
D:2:      layout_basic, serial_shops, nicolae_shop_trees,
          amcnicky_mini_corridor_feature
D:3:      layout_basic
D:4:      layout_basic, temple_hall, portal_sewer_entry_e
D:5:      layout_rooms, corexii_shack, minmay_door_square,
          nicolae_elemental_shop, minmay_diced_spiral, uniq_sigmund
D:6:      layout_loops_ring, marbit_many_paths, serial_shops,
          nicolae_shop_waterfront, ebering_ghost_sewer_d
D:7:      layout_loops_ring
D:8:      minmay_the_grid_octo_tiled_squarecenter
          [minmay_the_grid_octo_clover_2, minmay_the_grid_octo_tetromino_candy,
          minmay_the_grid_octo_vomiting_pacman,
          minmay_the_grid_octo_fat_diamond,
          minmay_the_grid_square_5x5_megaprize_diamond,
          minmay_the_grid_square_5x5_inset, minmay_the_grid_square_5x5_minibox,
          minmay_the_grid_square_5x5_half_checkered,
          minmay_the_grid_square_5x5_two_small], layout_basic,
          lemuel_doored_altar, serial_shops, shop_coins, nicolae_blasting_shop,
          uniq_maurice

Skill      XL: |  1  2  3  4  5  6  7  8  9 |
---------------+----------------------------+-----
Dodging        | 2 |  2.8
Short Blades   | 2 3 4 5 6 |  6.9
Translocations | 3 4 5 6 7 |  7.2
Stealth        | 1 2 3 4 6 7 |  7.0
Fighting       | |  2.0
Throwing       | |  0.9
Armour         | |  0.8
Spellcasting   | |  2.0

Action                   |  1- 3 |  4- 6 |  7- 9 || total
-------------------------+-------+-------+-------++-------
Melee: Short sword       |   114 |   169 |   307 ||   590
       Punch             |     2 |     2 |     1 ||     5
Throw: Boomerang         |     5 |    13 |     5 ||    23
 Cast: Blink             |     1 |       |     2 ||     3
Evoke: Wand              |       |       |     1 ||     1
  Use: Scroll            |       |     9 |     4 ||    13
 Stab: Sleeping          |     1 |     2 |     8 ||    11
Armor: Leather armour    |    25 |    15 |       ||    40
       Ring mail         |       |    19 |   108 ||   127
Dodge: Dodged            |    57 |    80 |   118 ||   255

Table legend: (Time is in decaauts)
 A = Elapsed time spent in this place.
 B = Non-inter-level travel time spent in this place.
 C = Inter-level travel time spent in this place.
 D = Time resting spent in this place.
 E = Time spent auto-exploring this place.
 F = Levels seen in this place.
 G = Mean time per level.
                   A        B        C        D        E       F      G
               +--------+--------+--------+--------+--------+-----+--------+
         Total |   8736 |   8348 |    388 |    118 |   7114 |   8 | 1092.0 |
       Dungeon |   8736 |   8348 |    388 |    118 |   7114 |   8 | 1092.0 |
               +--------+--------+--------+--------+--------+-----+--------+

Top non-repeatable levels by time:
     D:7: 1461 daAuts
     D:3: 1365 daAuts
     D:4: 1325 daAuts
     D:6: 1186 daAuts
     D:2: 1179 daAuts
     D:5: 1138 daAuts
     D:1: 974 daAuts
     D:8: 103 daAuts
